 Dungeon Crawl Stone Soup version 0.17-a0-1691-g18a3847 (webtiles) character file.

340 MikeDS the Insei (level 6, -5/33 HPs)
             Began as a Vine Stalker Monk on Aug 19, 2015.
             Was a Believer of Dithmenos.
             Slain by an ice beast (6 damage)
             ... on level 5 of the Dungeon on Aug 20, 2015.
             The game lasted 00:24:15 (3711 turns).

MikeDS the Insei (Vine Stalker Monk)                Turns: 3711, Time: 00:24:15

Health: -5/33      AC:  4    Str: 13      XL:     6   Next: 56%
Magic:  0/7        EV:  8    Int: 10      God:    Dithmenos [**....]
Gold:   274        SH:  0    Dex: 15 (19) Spells: 0 memorised, 5 levels left

rFire  . . .     SeeInvis .       - Unarmed
rCold  . . .     Clarity  .     a - +2 robe
rNeg   . . .     SustAt   .     (no shield)
rPois  .         Gourm    .     (no helmet)
rElec  .         Spirit   +     (no cloak)
rCorr  .         Warding  .     (no gloves)
rMut   .         Stasis   .     (no boots)
MR     .....                    (no amulet)
Stlth  +++.......               (no ring)
                                (no ring)

@: wreathed by umbra, not resistant to hostile enchantments, fairly stealthy
A: fangs 2, regeneration 2, magic shield, antimagic bite, no device heal 3, rot
immunity
a: Shadow Step, Renounce Religion


You were on level 5 of the Dungeon.
You worshipped Dithmenos.
Dithmenos was pleased with you.
You were not hungry.

You visited 1 branch of the dungeon, and saw 5 of its levels.

You collected 274 gold pieces.

Inventory:

Hand weapons
 m - a +0 hand axe
 q - a +1 dagger
Missiles
 b - 146 stones (quivered)
Armour
 a - a +2 robe (worn)
 t - a +0 shield
Jewellery
 f - an uncursed ring of poison resistance {unknown}
 w - an uncursed ring of protection from fire {unknown}
 z - an uncursed ring of flight {unknown}
 A - an uncursed ring of ice {unknown}
Scrolls
 c - 2 scrolls of remove curse
 g - 2 scrolls of enchant weapon
 l - 4 scrolls of enchant armour
 p - a scroll of recharging {unknown}
 s - 2 scrolls of teleportation
 y - 4 scrolls of identify
 B - 2 scrolls of blinking
 F - a scroll of magic mapping {unknown}
Potions
 d - a potion of brilliance
 k - a potion of mutation {unknown}
 n - 3 potions of heal wounds
 o - a potion of curing {unknown}
 r - 2 potions of degeneration
 v - a potion of cure mutation
 C - a potion of lignification
 E - a potion of magic {unknown}
Comestibles
 h - 3 bread rations
 i - 3 beef jerkies
 x - 2 slices of pizza
 D - 2 meat rations
 H - 2 fruits


   Skills:
 + Level 3.7 Fighting
 + Level 2.6 Throwing
 + Level 3.5 Dodging
 + Level 3.8 Stealth
 + Level 4.8 Unarmed Combat


You had 5 spell levels left.
You didn't know any spells.

Dungeon Overview and Level Annotations

Branches:
Dungeon (5/15)
 Temple: D:4-7

Altars:
Dithmenos
Elyvilon
Nemelex Xobeh
Sif Muna
Xom


Innate Abilities, Weirdness & Mutations

You have extremely sharp teeth.
You heal very quickly.
When hurt, damage is shared between your health and your magic reserves.
Your bite disrupts and absorbs the magic of your enemies.
Potions and wands cannot restore your health.
You are immune to rotting.


Message History

You hit the ice beast. Your punch misses the ice beast. You bite the ice beast.
You drain its power.
You feel invigorated.
The ice beast is severely wounded.
The ice beast barely misses you.
You closely miss the ice beast. Your bite misses the ice beast.
The ice beast is severely wounded.
The ice beast hits you but does no damage.
You hit the ice beast.
The ice beast is almost dead.
The ice beast hits you. The ice beast freezes you!
You closely miss the ice beast. You bite the ice beast. You drain its power.
You feel invigorated.
The ice beast is almost dead.
The ice beast hits you. The ice beast freezes you!
* * * LOW HITPOINT WARNING * * *
There is a stone staircase leading up here.
The ice beast hits you.
* * * LOW HITPOINT WARNING * * *
The ice beast freezes you.
You die...

###...............#
#..############.#
#..# #.# #..# #.#
#..# #.# #..# #.#
...# #.# ..## ###.#
### #@Y.# ###.# ###


You could see an ice beast.

Vanquished Creatures
  An ogre (D:4)
  2 hounds
  Terence (D:1)
  A worker ant (D:4)
  A hound skeleton (D:4)
  5 adders
  An ooze (D:1)
  3 worms
  3 giant geckos
  7 orcs (D:3)
  6 bats
  5 giant cockroaches
  14 goblins
  6 hobgoblins
  6 jackals
  6 quokkas
  3 giant newts (D:2)
  7 kobolds
  4 rats
82 creatures vanquished.

Notes
Turn   | Place    | Note
--------------------------------------------------------------
     0 | D:1      | MikeDS the Vine Stalker Monk began the quest for the Orb.
     0 | D:1      | Reached XP level 1. HP: 11/11 MP: 2/2
   226 | D:1      | Reached XP level 2. HP: 16/16 MP: 3/3
   555 | D:1      | Reached XP level 3. HP: 20/20 MP: 4/4
  1030 | D:2      | Reached skill level 1 in Throwing
  1062 | D:2      | Noticed Terence
  1118 | D:1      | Killed Terence
  1118 | D:1      | Reached XP level 4. HP: 8/24 MP: 3/5
  1386 | D:2      | You fall through a shaft!
  1505 | D:3      | Reached XP level 5. HP: 24/28 MP: 6/6
  1575 | D:2      | Found a deep blue altar of Sif Muna.
  1994 | D:3      | Upgraded the game from 0.17-a0-1685-g57e755e to 0.17-a0-1691-g18a3847
  2146 | D:3      | Found a sparkling altar of Nemelex Xobeh.
  2191 | D:3      | Found a shadowy altar of Dithmenos.
  2226 | D:3      | Became a worshipper of Dithmenos the Shadowed
  2226 | D:3      | Acquired Dithmenos's first power
  2289 | D:3      | Found a shimmering altar of Xom.
  2889 | D:4      | Found a white marble altar of Elyvilon.
  3011 | D:4      | Gained mutation: You heal very quickly. [Vine Stalker growth]
  3011 | D:4      | Reached XP level 6. HP: 22/32 MP: 7/7
  3095 | D:4      | Noticed an ogre
  3345 | D:5      | Entered Level 5 of the Dungeon
  3572 | D:4      | Killed an ogre
  3711 | D:5      | HP: 1/33 [ice beast (3)]
  3711 | D:5      | Slain by an ice beast

Vault maps used:
D:1:      dpeg_arrival_concentric_ovals
D:2:      lemuel_upstairs_altar, first_bread, uniq_terence
D:3:      lemuel_round_altar, lemuel_crystal_altar, lemuel_crystal_altar
D:4:      lemuel_round_altar, nicolae_underground_beach
D:5:      basic_altar, uniq_grinder, uniq_eustachio, uniq_blork_the_orc

Action                   |  1- 3 |  4- 6 || total
-------------------------+-------+-------++-------
Melee: Unarmed           |    79 |   214 ||   293
Throw: Stone             |    18 |    11 ||    29
  Use: Potion            |     2 |     3 ||     5
       Scroll            |       |     9 ||     9
 Stab: Sleeping          |     4 |     7 ||    11
  Eat: Chunk             |     1 |     7 ||     8
       Beef jerky        |       |     1 ||     1
